 Seeded DCSS version 0.31-a0-590-g8a5a4361df (webtiles) character file.

Game seed: 12810882534896215906 (custom seed)

1302 bmack86 the Cleaver (level 8, -1/64 HPs)
             Began as a Minotaur Fighter on Aug 19, 2023.
             Was an Initiate of Gozag.
             Slain by a sky beast (2 damage)
             ... on level 6 of the Dungeon.
             The game lasted 00:11:56 (4491 turns).

bmack86 the Cleaver (Minotaur Fighter)              Turns: 4491, Time: 00:11:57

Health: -1/64      AC:  4    Str: 22    XL:     8   Next: 31%
Magic:  7/7        EV: 11    Int:  5    God:    Gozag
Gold:   644        SH: 10    Dex: 11    Spells: 7/7 levels left

rFire   . . .        a - +0 war axe
rCold   . . .        c - +0 buckler
rNeg    . . .        (no body armour)
rPois   +            (helmet restricted)
rElec   .            s - +1 cloak
rCorr   .            l - +0 pair of gloves
SInv    .            h - +0 pair of boots
Will    ++...        j - amulet of reflection
Stlth   +            g - ring of poison resistance
HPRegen 0.30/turn    w - ring of willpower
MPRegen 0.10/turn

%: reflection
@: mighty, enlightened, flying
A: horns 2, retaliatory headbutt
a: Renounce Religion, Potion Petition, Call Merchant, Bribe Branch


You were on level 6 of the Dungeon.
You worshipped Gozag.
Gozag was pleased with you.
You visited 2 branches of the dungeon, and saw 7 of its levels.

You collected 716 gold pieces.
You paid 72 gold pieces to Gozag.

Inventory:

Hand Weapons
 a - a +0 war axe (weapon)
Missiles
 n - 5 silver javelins
Armour
 b - a +0 scale mail
 c - a +0 buckler (worn)
 h - a +0 pair of boots (worn)
 l - a +0 pair of gloves (worn)
 s - a +1 cloak (worn)
 z - a +0 chain mail
Jewellery
 g - a ring of poison resistance (left hand)
 j - an amulet of reflection (around neck)
 u - an amulet of magic regeneration
 w - a ring of willpower (right hand)
Wands
 y - a wand of charming (3)
Scrolls
 d - 2 scrolls of torment {unknown}
 k - a scroll of vulnerability {unknown}
 p - 5 scrolls of identify {unknown}
 q - a scroll of fear
 t - a scroll of immolation {unknown}
 v - a scroll of poison
Potions
 e - 2 potions of degeneration {unknown}
 f - a potion of attraction {unknown}
 i - 3 potions of lignification {unknown}
 o - 2 potions of curing {unknown}
 r - a potion of ambrosia {unknown}
 x - a potion of enlightenment


   Skills:
 - Level 3.6 Fighting
 + Level 11.8 Axes
 - Level 3.6 Armour
 - Level 5.0 Shields


You had 7 spell levels left.
You didn't know any spells.
Your spell library contained the following spells:

 Spells                   Type           Power      Damage    Failure   Level
 Freeze                   Ice            0%         1d3       54%         1
 Cigotuvi's Dreadful Rot  Necr/Pois/Air  0%         N/A       67%         2
 Poisonous Vapours        Pois/Air       0%         N/A       67%         2
 Scorch                   Fire           0%         2d5       67%         2
 Static Discharge         Conj/Air       0%         2-2/arc   67%         2
 Frozen Ramparts          Ice            0%         1d1       88%         3
 Hailstorm                Conj/Ice       0%         3d3       88%         3
 Mephitic Cloud           Conj/Pois/Air  0%         N/A       88%         3
 Airstrike                Air            0%         2d(0-16)  99%         4
 Dispel Undead            Necr           0%         3d6       99%         4
 Flame Wave               Conj/Fire      0%         2d4       99%         4
 Manifold Assault         Tloc           0%         N/A       99%         4
 Summon Lightning Spire   Summ/Air       0%         N/A       99%         4
 Freezing Cloud           Conj/Ice/Air   0%         6-21      100%        5
 Death Channel            Necr           0%         N/A       100%        6
 Dispersal                Tloc           0%         N/A       100%        6
 Summon Cactus Giant      Summ           0%         N/A       100%        6
 Disjunction              Tloc           0%         N/A       100%        8


Dungeon Overview and Level Annotations

Branches:
Dungeon (6/15)             Temple (1/1) D:4

Altars:
Ashenzari
Cheibriados
Dithmenos
Elyvilon
Fedhas
Gozag
Kikubaaqudgha
Nemelex Xobeh
Okawaru
Qazlal
Ru
Sif Muna
Trog
Uskayaw
Vehumet
Xom
Zin
The Shining One

Shops:
D:2 ((*   D:3 :


Innate Abilities, Weirdness & Mutations

You have a pair of horns on your head.
You reflexively headbutt those who attack you in melee.


Message History

You slash something!
Reactivating autopickup.
You feel a bit more experienced.
You now have 641 gold pieces (gained 18).
Items here: ))) [[.
You now have 644 gold pieces (gained 3).
Things that are here:
a +0 flail; a +0 chain mail You start removing your armour.
You continue taking off your +0 scale mail. x4
You finish taking off your +0 scale mail.
Items here: ))) [[.
The sky beast flickers out of sight!
Deactivating autopickup; reactivate with Ctrl-A.
Found a stone staircase leading up.
You hit something. Something hits you. Something shocks you.
You closely miss something. Your headbutt misses something. Something hits you.
Something shocks you.
You completely miss something. Your headbutt misses something.
Something hits you. Something shocks you.
You closely miss something. Something hits you. Something shocks you.
You barely miss something. Something hits you. Something shocks you.
You miss something. You headbutt something. Something hits you.
Something shocks you.
* * * LOW HITPOINT WARNING * * *
You feel very mighty all of a sudden. Something hits you but does no damage.
You slash something! Something hits you.
* * * LOW HITPOINT WARNING * * *
Something shocks you.
* * * LOW HITPOINT WARNING * * *
You hit something. Something hits you.
* * * LOW HITPOINT WARNING * * *
Something shocks you.
* * * LOW HITPOINT WARNING * * *
It was a potion of enlightenment.
You feel very buoyant.
You fly up into the air.
Something hits you.
You die...
Your body crumbles into a pile of gold.

.....#....##.[.##.....
.....+..................
.....#..................
....##..................
....##..................
........................
........................
.............)..........
..............).@{......
..........####$##.......
######....##...# .......
#....+..... ......<
#.....#.............
#.....#.............
#.....##...##.......
#.....##...# .......
#.... ...


There were no monsters in sight!

Vanquished Creatures
  Grinder (D:3)
  2 ice beasts (D:5)
  An ogre (D:5)
  A bullfrog (D:5)
  A scorpion (D:5)
  3 wights (D:5)
  5 orc priests
  Crazy Yiuf (D:3)
  A jelly (D:5)
  A sleepcap (D:2)
  An iguana (D:5)
  5 orc wizards
  3 gnolls (D:4)
  6 adders
  A shadow imp (D:6)
  A white imp (D:6)
  3 worms
  22 orcs
  8 ball pythons
  6 bats
  8 endoplasms
  3 giant cockroaches
  A goblin (D:1)
  4 hobgoblins
  8 kobolds
  6 quokkas
  5 rats
108 creatures vanquished.

Notes
Turn   | Place    | Note
-------+----------+-------------------------------------------
     0 | D:1      | bmack86 the Minotaur Fighter began the quest for the Orb.
     0 | D:1      | Reached XP level 1. HP: 19/19 MP: 0/0
    79 | D:1      | Reached XP level 2. HP: 23/26 MP: 1/1
   235 | D:1      | Reached skill level 3 in Axes
   423 | D:2      | Reached XP level 3. HP: 29/31 MP: 2/2
   461 | D:2      | Reached skill level 4 in Axes
   461 | D:2      | Reached skill level 5 in Shields
   461 | D:2      | Reached XP level 4. HP: 31/39 MP: 3/3
   554 | D:3      | Found Dicsir's Book Emporium.
   699 | D:4      | Reached skill level 5 in Axes
   736 | D:4      | Found a staircase to the Ecumenical Temple.
   781 | D:5      | Entered Level 5 of the Dungeon
   792 | D:5      | Noticed an ogre
   792 | D:5      | Noticed an ice beast
   802 | D:5      | Found an opulent altar of Gozag.
   810 | D:5      | Became a worshipper of Gozag Ym Sagoz the Greedy
   812 | D:5      | Killed an ice beast
   813 | D:5      | Reached skill level 6 in Axes
   813 | D:5      | Reached XP level 5. HP: 45/45 MP: 4/4
   814 | D:5      | Killed an ogre
   815 | D:5      | Reached skill level 7 in Axes
   815 | D:5      | Reached XP level 6. HP: 22/51 MP: 5/5
  1222 | D:1      | Found a faded altar of an unknown god.
  1428 | D:2      | Found Tufuub's Assorted Antiques.
  1479 | D:2      | Found Seyhup's Antique Weapon Emporium.
  1645 | D:2      | Found Irioch's Weapon Boutique.
  1658 | D:2      | Found a shimmering altar of Xom.
  1974 | D:3      | Noticed Grinder
  1990 | D:3      | Killed Grinder
  1991 | D:3      | Reached skill level 8 in Axes
  1991 | D:3      | Reached XP level 7. HP: 34/57 MP: 6/6
  2075 | D:3      | Found a runed translucent door.
  2076 | D:3      | Noticed Crazy Yiuf
  2083 | D:3      | Killed Crazy Yiuf
  2517 | D:3      | Reached skill level 9 in Axes
  2567 | D:4      | Found a blossoming altar of Fedhas.
  2634 | Temple   | Entered the Ecumenical Temple
  3309 | D:5      | Reached skill level 10 in Axes
  3492 | D:5      | Found a broken altar of Ashenzari.
  3530 | D:5      | Found a glowing silver altar of Zin.
  3599 | D:5      | Found a bloodstained altar of Trog.
  3818 | D:5      | Found a hide-covered altar of Uskayaw.
  3823 | D:5      | Reached skill level 11 in Axes
  3823 | D:5      | Reached XP level 8. HP: 41/64 MP: 7/7
  4490 | D:6      | HP: 1/64 [something (6)]
  4491 | D:6      | Slain by a sky beast

Illustrated notes

Levels and vault maps discovered:
D:1:      dpeg_arrival_erosion, layout_basic,
          hellmonk_ecumenical_altar_crossroads
D:2:      layout_basic, basic_altar, serial_shops, shop, shop, shop,
          minmay_surrounded
D:3:      layout_loops_ring, serial_shops, nicolae_shop_hallway_plus,
          uniq_crazy_yiuf_cottage, uniq_grinder
D:4:      layout_loops_ring, fedhas_altar_2, minmay_temple_entry_sparse_star
D:5:      layout_loops_ring, evilmike_ruin_ashenzari, bloody_trog,
          mainiacjoe_overflow_surrounded_room,
          nicolae_gozag_cash_rules_everything_around_me,
          nicolae_overflow_crystal_walls
D:6:      layout_gridville, uniq_edmund
Temple:   nicolae_temple_ecumenical_triangle

Skill      XL: |  1  2  3  4  5  6  7 |
---------------+----------------------+-----
Shields        | 4 5 |  5.0
Axes           | 3 4 6 7 8 11 | 11.8
Fighting       | |  3.6
Armour         | |  3.6

Action                     |  1- 3 |  4- 6 |  7- 9 || total
---------------------------+-------+-------+-------++-------
  Melee: War axe           |    41 |   102 |   129 ||   272
         Headbutt          |     7 |    13 |    15 ||    35
    Use: Scroll            |       |     3 |       ||     3
         Potion            |       |     2 |     3 ||     5
 Armour: Scale mail        |    25 |    32 |    56 ||   113
         Skin              |       |       |     1 ||     1
  Dodge: Dodged            |    27 |    32 |    31 ||    90
  Block: Buckler           |    11 |    63 |    57 ||   131
         Reflection        |       |     1 |       ||     1

Table legend: (Time is in decaauts)
 A = Elapsed time spent in this place.
 B = Non-inter-level travel time spent in this place.
 C = Inter-level travel time spent in this place.
 D = Time resting spent in this place.
 E = Time spent auto-exploring this place.
 F = Levels seen in this place.
 G = Mean time per level.
                   A        B        C        D        E       F      G
               +--------+--------+--------+--------+--------+-----+--------+
         Total |   4535 |   4422 |    113 |    222 |   2603 |   7 |  647.9 |
       Dungeon |   4533 |   4420 |    113 |    222 |   2603 |   6 |  755.5 |
        Temple |      1 |      1 |      0 |      0 |      0 |   1 |    1.0 |
               +--------+--------+--------+--------+--------+-----+--------+

Top non-repeatable levels by time:
     D:5: 1226 daAuts
     D:3: 839 daAuts
     D:2: 765 daAuts
     D:4: 741 daAuts
     D:1: 690 daAuts
     D:6: 270 daAuts
  Temple: 1 daAuts
